[Event "TIPC 2006"]
[Site "Charleroi BEL"]
[Date "2006.07.31"]
[Round "4"]
[White "Meurisse, Enguerran"]
[Black "Chung Choong Lon, Marc"]
[Result "1/2-1/2"]
[ECO "B01"]
[WhiteElo "1461"]
[BlackElo "1775"]
[PlyCount "74"]
[TimeControl "40/7200:3600"]

1. e4 d5 2. exd5 Nf6 3. Nf3 Nxd5 4. c4 Nb4 5. d4 Bf5 6. Qa4+ N8c6 7. Na3 e6 8.
Bd2 a5 9. Be2 Bd3 10. Ne5 Qxd4 11. Nxc6 Nxc6 12. Nb5 Qe5 13. O-O Bxe2 14. Rfe1
O-O-O 15. Bc3 Qh5 16. Bxa5 Bd6 17. Nxd6+ Rxd6 18. Bc3 Rhd8 19. b4 Bxc4 20. Rab1
Qg6 21. b5 Bd5 22. g3 Qd3 23. bxc6 Bxc6 24. Qa8+ Kd7 25. Qa5 Qf3 26. Kf1 Qg2+
27. Ke2 Bf3+ 28. Ke3 Rd3+ 29. Kf4 g5+ 30. Qxg5 Rd5 31. Be5 Qxf2 32. Qg7 Bh5+
33. Kg5 Qf5+ 34. Kh4 Bg6 35. g4 Qf2+ 36. Bg3 Qg2 37. Rxb7 Qc2 1/2-1/2

[Event "TIPC 2006"]
[Site "Charleroi BEL"]
[Date "2006.08.01"]
[Round "5"]
[White "Leitao, Rafael"]
[Black "Vandevoort, Pascal"]
[Result "1-0"]
[ECO "E94"]
[WhiteElo "2598"]
[BlackElo "2388"]
[PlyCount "83"]
[TimeControl "40/7200:3600"]

1. d4 Nf6 2. c4 g6 3. Nc3 Bg7 4. e4 d6 5. Nf3 O-O 6.
Be2 e5 7. O-O Na6 8. Re1 c6 9. Bf1 exd4 10. Nxd4 Ng4 11. h3 Qb6 12. hxg4 Qxd4
13. g5 Qxd1 14. Rxd1 Be5 15. Be3 Nc5 16. f3 a5 17. Rac1 a4 18. Rc2 a3 19. b4
Na4 20. Ne2 Nb2 21. Rdd2 Ra4 22. f4 Bg7 23. Rxd6 Rxb4 24. Ng3 Be6 25. Bc5 Ra4
26. f5 b6 27. Bf2 Be5 28. Rxc6 Bd7 29. Rxb6 Nd1 30. Rd2 Nxf2 31. Kxf2 Bc8 32.
Rd5 Bf4 33. Kf3 Bxg5 34. Rb8 Be7 35. c5 h5 36. Bd3 h4 37. Ne2 gxf5 38. exf5 Bg5
39. Rd4 Ra7 40. c6 Kg7 41. Rb5 Re8 42. Nf4 1-0

[Event "TIPC 2006"]
[Site "Charleroi BEL"]
[Date "2006.08.01"]
[Round "5"]
[White "Laurent, Bruno"]
[Black "Gharamian, Tigran"]
[Result "1-0"]
[ECO "B40"]
[WhiteElo "2404"]
[BlackElo "2460"]
[PlyCount "109"]
[TimeControl "40/7200:3600"]

1. e4 c5 2. Nf3 e6 3. c4 d6 4. Nc3 Nf6 5. Be2 Be7 6.
O-O O-O 7. d4 cxd4 8. Nxd4 b6 9. Bf3 e5 10. Nf5 Nc6 11. b3 Bxf5 12. exf5 Rc8
13. Be3 Qd7 14. g4 h6 15. Qd2 Rfe8 16. Rad1 Rcd8 17. Kh1 e4 18. Nxe4 Ne5 19.
Nxf6+ Bxf6 20. Be2 Re7 21. f4 Rde8 22. Bf2 Ng6 23. Bf3 Nh4 24. Bd5 Re2 25. Qd3
Rxa2 26. Rd2 Rxd2 27. Qxd2 Qd8 28. Rg1 Be7 29. f6 Bxf6 30. g5 Ng6 31. gxf6 Qxf6
32. Bd4 Qf5 33. Qg2 Kh7 34. Qg4 Qxg4 35. Rxg4 f5 36. Rg1 Re7 37. Rf1 Re2 38.
Rf2 Rxf2 39. Bxf2 Nxf4 40. Bg3 Nxd5 41. cxd5 g5 42. Bxd6 Kg6 43. Bb8 a6 44. Bc7
Kf6 45. Kg2 Ke7 46. Kf3 Kd7 47. Be5 a5 48. Ke3 b5 49. Bg7 Kd6 50. Kd4 f4 51.
Bxh6 f3 52. Bf8+ Kd7 53. Ke3 g4 54. Bc5 b4 55. Kd3 1-0

[Event "TIPC 2006"]
[Site "Charleroi BEL"]
[Date "2006.08.01"]
[Round "5"]
[White "Plachetka, Jan"]
[Black "Terrieux, Kevin"]
[Result "0-1"]
[ECO "D61"]
[WhiteElo "2427"]
[BlackElo "2343"]
[PlyCount "62"]
[TimeControl "40/7200:3600"]

1. d4 d5 2. c4 e6 3. Nc3 Be7 4. Nf3 Nf6 5. Bg5 Nbd7 6. e3 h6 7. Bh4 O-O 8. Qc2
dxc4 9. Bxc4 c5 10. O-O cxd4 11. Nxd4 a6 12. Rfd1 Qb6 13. a3 Ne5 14. Be2 Bd7
15. Bg3 Nc6 16. Qb3 Qa7 17. Bf3 Rac8 18. h3 Na5 19. Qa2 Nc4 20. Rac1 e5 21. Nd5
Nxd5 22. Bxd5 exd4 23. Rxc4 dxe3 24. Bxf7+ Rxf7 25. Rxd7 exf2+ 26. Kf1 Rxc4 27.
Qxc4 Qe3 28. Rxe7 Qxe7 29. Bxf2 Qf6 30. Qe2 Qf5 31. Kg1 Rc7 0-1

[Event "TIPC 2006"]
[Site "Charleroi BEL"]
[Date "2006.08.01"]
[Round "5"]
[White "Hovhanisian, Mher"]
[Black "Eliet, Nicolas"]
[Result "0-1"]
[ECO "E20"]
[WhiteElo "2359"]
[BlackElo "2427"]
[PlyCount "151"]
[TimeControl "40/7200:3600"]

1. d4 Nf6 2. c4 e6 3. Nc3 Bb4 4. f3 d5 5. a3 Bxc3+
6. bxc3 c6 7. Bg5 Qa5 8. Qc2 dxc4 9. Bxf6 gxf6 10. e4 b5 11. Ne2 Bb7 12. g3 Nd7
13. Bg2 a6 14. O-O h5 15. h4 Qc7 16. a4 Nb6 17. axb5 cxb5 18. f4 O-O-O 19. Kh2
Kb8 20. f5 e5 21. d5 Nd7 22. Bf3 Nc5 23. Nc1 Rdg8 24. Rd1 Qb6 25. Qf2 Rh7 26.
Ra2 Na4 27. Qxb6 Nxb6 28. Kh3 Na4 29. Ne2 Nc5 30. Rg1 Kc7 31. Nc1 Kb6 32. Rag2
a5 33. Na2 Ba6 34. Rb1 Kc7 35. Rbg1 Kd6 36. Rb1 Rb8 37. Rd2 Rhh8 38. Nc1 Na4
39. Ne2 Bc8 40. Ra2 Rb7 41. Kg2 Kc7 42. Kf2 Bd7 43. Rba1 Ra7 44. Ke3 Kb6 45.
Rb1 Kc5 46. Rba1 Kb6 47. Rb1 Nc5 48. Nc1 Raa8 49. Bd1 Rag8 50. Rg2 Rh7 51. Bf3
Na4 52. Na2 Kc5 53. Bd1 Nb6 54. Bf3 Nc8 55. Nc1 Nd6 56. Ra2 Ra8 57. Rba1 Kb6
58. Rb1 Nb7 59. Rab2 Nc5 60. Be2 Kc7 61. Rxb5 Bxb5 62. Rxb5 Nb3 63. Nxb3 cxb3
64. Rxb3 Rhh8 65. c4 Rhb8 66. Ra3 Kd6 67. Bxh5 a4 68. Bd1 Rb4 69. Kd3 Kc5 70.
g4 Rxc4 71. g5 Rd4+ 72. Kc2 Rxe4 73. g6 fxg6 74. fxg6 Rxh4 75. Rc3+ Kxd5 76. g7
0-1

[Event "TIPC 2006"]
[Site "Charleroi BEL"]
[Date "2006.08.01"]
[Round "5"]
[White "Hanley, Craig"]
[Black "Foisor, Sabina-Francesca"]
[Result "1/2-1/2"]
[ECO "A40"]
[WhiteElo "2419"]
[BlackElo "2292"]
[PlyCount "96"]
[TimeControl "40/7200:3600"]

1. e4 c5 2. Nf3 g6 3. d4 Bg7 4. c4 Qb6 5. dxc5 Qxc5
6. Be2 d6 7. O-O Bg4 8. Be3 Qc7 9. Nc3 Bxc3 10. bxc3 Nf6 11. Bh6 Nbd7 12. Re1
Rg8 13. e5 dxe5 14. Rb1 Rd8 15. Qa4 e4 16. Bg5 b5 17. cxb5 Nb6 18. Qa3 Nfd5 19.
Nd4 Bxe2 20. Nxe2 f6 21. Bh4 Kf7 22. Rbc1 Nc4 23. Qb3 e5 24. Bg3 Qc5 25. Kh1 h5
26. Ng1 Rh8 27. h4 Kg7 28. Nh3 Rb8 29. a4 a6 30. Qc2 axb5 31. axb5 f5 32. Ng5
Rhe8 33. Ra1 Rxb5 34. Ra6 Qc8 35. Rea1 Re7 36. Qc1 Nf6 37. Qf1 Rc5 38. Ra8 Qd7
39. Qb1 Rb5 40. Qa2 Nb6 41. Rb8 Qd6 42. Qa6 Rb2 43. Rb7 Rxb7 44. Qxb7+ Qd7 45.
Ne6+ Kf7 46. Ng5+ Kg7 47. Ne6+ Kf7 48. Ng5+ Kg7 1/2-1/2

[Event "TIPC 2006"]
[Site "Charleroi BEL"]
[Date "2006.08.01"]
[Round "5"]
[White "Kadimova, Ilaha"]
[Black "Perez Garcia, Rodney"]
[Result "1/2-1/2"]
[ECO "D45"]
[WhiteElo "2330"]
[BlackElo "2406"]
[PlyCount "28"]
[TimeControl "40/7200:3600"]

1. d4 d5 2. c4 c6 3. Nc3 Nf6 4. e3 e6 5. Nf3 a6 6.
Bd3 dxc4 7. Bxc4 c5 8. O-O b5 9. Bd3 Bb7 10. b3 Nbd7 11. Bb2 Bd6 12. dxc5 Nxc5
13. Be2 O-O 14. b4 Nce4 1/2-1/2

[Event "TIPC 2006"]
[Site "Charleroi BEL"]
[Date "2006.08.01"]
[Round "5"]
[White "Maes, Wim"]
[Black "Krasucki, Youri"]
[Result "1-0"]
[ECO "C00"]
[WhiteElo "2287"]
[BlackElo "2048"]
[PlyCount "47"]
[TimeControl "40/7200:3600"]

1. e4 e6 2. d3 d5 3. Nd2 Nf6 4. Ngf3 b6 5. c3 c5 6.
Be2 Qc7 7. O-O Nc6 8. Re1 Bd6 9. Bf1 O-O 10. g3 Ba6 11. e5 Nxe5 12. Nxe5 Bxe5
13. d4 cxd4 14. cxd4 Bxd4 15. Bxa6 Qc5 16. Qe2 Ng4 17. Rf1 Nxf2 18. Rxf2 b5 19.
Nb3 Bxf2+ 20. Qxf2 Qc6 21. Nc5 d4 22. b4 Rab8 23. Qg2 Qd6 24. Bb2 1-0

[Event "TIPC 2006"]
[Site "Charleroi BEL"]
[Date "2006.08.01"]
[Round "5"]
[White "Giadrosic, Dinko"]
[Black "Wantiez, Fabrice"]
[Result "1-0"]
[ECO "A45"]
[WhiteElo "2059"]
[BlackElo "2265"]
[PlyCount "75"]
[TimeControl "40/7200:3600"]

1. d4 Nf6 2. Bg5 Ne4 3. h4 c5 4. d5 Qb6 5. Nd2 Nxg5
6. hxg5 Qxb2 7. g6 fxg6 8. e3 e6 9. dxe6 d5 10. Rb1 Qf6 11. Bb5+ Nc6 12. c4
Bxe6 13. Qa4 Bf7 14. Rh3 Be7 15. Rf3 Qd6 16. Rxf7 Kxf7 17. cxd5 Nd8 18. Ne4 Qe5
19. d6 Bf6 20. Nf3 Qf5 21. Bd7 Qh5 22. Ke2 a6 23. g4 b5 24. Qd1 Qh6 25. Qd5+
Kf8 26. Qxa8 g5 27. Nxc5 Qg6 28. Bf5 Qf7 29. Ne6+ Ke8 30. Rc1 g6 31. Nxd8 Qxa2+
32. Rc2 Bxd8 33. Rxa2 gxf5 34. Qc6+ Kf7 35. Qd7+ Kg6 36. Ne5+ Kf6 37. Qxf5+ Kg7
38. Qf7+ 1-0

[Event "TIPC 2006"]
[Site "Charleroi BEL"]
[Date "2006.08.01"]
[Round "5"]
[White "Mohandesi, Shahin"]
[Black "Foisor, Mihaela-Veronica"]
[Result "1-0"]
[ECO "B07"]
[WhiteElo "2253"]
[BlackElo "2005"]
[PlyCount "65"]
[TimeControl "40/7200:3600"]

1. Nf3 g6 2. d4 Bg7 3. e4 d6 4. c3 Nf6 5. Nbd2 O-O
6. Bc4 c6 7. Bb3 Qc7 8. O-O e5 9. Re1 Nbd7 10. a4 a5 11. Nc4 exd4 12. Nxd4 d5
13. exd5 Nxd5 14. Ne3 Nxe3 15. Bxe3 Nf6 16. h3 Bd7 17. Qf3 c5 18. Nb5 Bxb5 19.
axb5 c4 20. b6 Qc8 21. Ba4 Nd7 22. Bxd7 Qxd7 23. Rad1 Qb5 24. Re2 a4 25. Qxb7
a3 26. bxa3 Bxc3 27. Rc2 Ba5 28. Qd5 Qxd5 29. Rxd5 Rfb8 30. Rb5 Rb7 31. Rxc4
Be1 32. Kf1 Ba5 33. Ra4 1-0

[Event "TIPC 2006"]
[Site "Charleroi BEL"]
[Date "2006.08.01"]
[Round "5"]
[White "Van Mechelen, Jan"]
[Black "Vanhee, Freddy"]
[Result "1-0"]
[ECO "A45"]
[WhiteElo "2251"]
[BlackElo "2005"]
[PlyCount "117"]
[TimeControl "40/7200:3600"]

1. d4 Nf6 2. Bg5 c6 3. Bxf6 gxf6 4. c4 d5 5. e3 Bf5
6. Nc3 e6 7. Bd3 Bxd3 8. Qxd3 f5 9. Nge2 Nd7 10. O-O-O Bd6 11. h3 Qa5 12. Kb1
O-O-O 13. cxd5 cxd5 14. g4 Nb6 15. gxf5 Nc4 16. Ka1 Rd7 17. fxe6 fxe6 18. Rhg1
b5 19. b3 Na3 20. Nb1 Kb8 21. Rc1 Nxb1 22. Kxb1 Ba3 23. Rc6 Rc8 24. Qc3 Qxc3
25. Rxc3 Rxc3 26. Nxc3 a6 27. Kc2 Kc7 28. Kd3 Bd6 29. f4 Bb4 30. Ne2 Kd6 31.
Rg8 Kc7 32. Ng3 Kb7 33. Nh5 Rc7 34. Rg7 a5 35. a4 bxa4 36. bxa4 Kb6 37. Rxc7
Kxc7 38. e4 dxe4+ 39. Kxe4 Kd6 40. Nf6 h6 41. Ng4 h5 42. Ne3 Ke7 43. Nc4 Kf6
44. Ne5 Be1 45. Nd7+ Ke7 46. Nb6 Bf2 47. Nc4 Be1 48. Ke5 Bc3 49. f5 exf5 50.
Ne3 Kd7 51. Nxf5 Be1 52. Ng7 Bg3+ 53. Kd5 h4 54. Nf5 Bf2 55. Nh6 Kc7 56. Ng4
Bg3 57. Ke6 Bd6 58. Ne5 Bb4 59. Nc4 1-0

[Event "TIPC 2006"]
[Site "Charleroi BEL"]
[Date "2006.08.01"]
[Round "5"]
[White "Bolzoni, Victor-Angel"]
[Black "Lui, Eric"]
[Result "1-0"]
[ECO "B81"]
[WhiteElo "2170"]
[BlackElo "2003"]
[PlyCount "55"]
[TimeControl "40/7200:3600"]

1. e4 c5 2. Nf3 d6 3. d4 cxd4 4. Nxd4 Nf6 5. Nc3 a6
6. h3 e6 7. g4 d5 8. exd5 Nxd5 9. Ne4 Qc7 10. Ne2 Be7 11. Bg2 O-O 12. O-O Rd8
13. Bd2 f5 14. gxf5 exf5 15. N4c3 Nxc3 16. Nxc3 Be6 17. Re1 Bf7 18. Qe2 Nc6 19.
Nd5 Bxd5 20. Bxd5+ Rxd5 21. Qe6+ Kh8 22. Qxd5 Rd8 23. Qf7 Rf8 24. Qc4 f4 25.
Bc3 Qc8 26. Qe6 Qe8 27. Rad1 Qh5 28. Rd5 1-0

[Event "TIPC 2006"]
[Site "Charleroi BEL"]
[Date "2006.08.01"]
[Round "5"]
[White "Laurent, Michel"]
[Black "Van Uytven, Eric"]
[Result "1/2-1/2"]
[ECO "A47"]
[WhiteElo "2026"]
[BlackElo "2167"]
[PlyCount "36"]
[TimeControl "40/7200:3600"]

1. d4 Nf6 2. Nf3 b6 3. Bf4 e6 4. Nbd2 Bb7 5. e3 Be7
6. h3 O-O 7. Bd3 c5 8. c3 d5 9. O-O Nbd7 10. Ne5 a6 11. Qf3 Re8 12. g4 g6 13.
Qg2 Nxe5 14. Bxe5 Nd7 15. Bh2 Bf8 16. f4 Bg7 17. Nf3 f6 18. g5 f5 1/2-1/2

[Event "TIPC 2006"]
[Site "Charleroi BEL"]
[Date "2006.08.01"]
[Round "5"]
[White "Demanghon, Jonathan"]
[Black "Di Cosmo, Jonathan"]
[Result "1-0"]
[ECO "D30"]
[WhiteElo "2160"]
[BlackElo "1941"]
[PlyCount "83"]
[TimeControl "40/7200:3600"]

1. d4 d5 2. c4 c6 3. Nf3 Nf6 4. e3 e6 5. Nbd2 Nbd7
6. b3 Bd6 7. Bb2 O-O 8. Bd3 Re8 9. Ne5 Nf8 10. O-O N6d7 11. e4 f6 12. Nxd7 Bxd7
13. e5 fxe5 14. dxe5 Bc5 15. Nf3 Rc8 16. Qd2 Re7 17. b4 Bb6 18. c5 Bc7 19. a4
Be8 20. Rfe1 Bg6 21. b5 Bxd3 22. Qxd3 Rf7 23. Nd4 Qd7 24. g3 Ng6 25. f4 Ne7 26.
Bc3 Nf5 27. Nf3 Bd8 28. Bb4 Be7 29. Rac1 Rff8 30. Re2 b6 31. Rec2 cxb5 32. c6
Qc7 33. Bxe7 Qxe7 34. axb5 h5 35. Ra2 Rc7 36. Ng5 Rfc8 37. h3 g6 38. g4 hxg4
39. hxg4 Qb4 40. Nxe6 Re7 41. gxf5 gxf5 42. Rg2+ 1-0

[Event "TIPC 2006"]
[Site "Charleroi BEL"]
[Date "2006.08.01"]
[Round "5"]
[White "Charlier, Laurent"]
[Black "Russo, Julien"]
[Result "1-0"]
[ECO "C00"]
[WhiteElo "2007"]
[BlackElo "2145"]
[PlyCount "91"]
[TimeControl "40/7200:3600"]

1. e4 e6 2. d4 d5 3. Bd3 dxe4 4. Bxe4 Nf6 5. Bf3 c5
6. Ne2 Nc6 7. Be3 e5 8. Bxc6+ bxc6 9. c3 cxd4 10. cxd4 c5 11. dxe5 Qxd1+ 12.
Kxd1 Ng4 13. Nbc3 Ba6 14. Kc2 Nxe3+ 15. fxe3 O-O-O 16. Rhf1 Bd3+ 17. Kc1 Rd7
18. Rf3 g5 19. g4 Bg7 20. e4 Rhd8 21. Re3 Bxe5 22. h3 c4 23. a4 Rd6 24. Ra3 Rf6
25. Nd5 Rf1+ 26. Kd2 Bxb2 27. Rexd3 cxd3 28. Rxd3 Rd7 29. Ng3 Ra1 30. Nf5 Ba3
31. Rc3+ Kd8 32. Rb3 Kc8 33. Rc3+ Kd8 34. Rb3 Bc1+ 35. Ke2 Rxd5 36. exd5 Rxa4
37. d6 Kc8 38. Rc3+ Kd7 39. Rxc1 Ra2+ 40. Kf3 a5 41. Rc7+ Kd8 42. Rxf7 a4 43.
Nd4 Rd2 44. Ke3 Rd1 45. d7 Re1+ 46. Kd2 1-0

[Event "TIPC 2006"]
[Site "Charleroi BEL"]
[Date "2006.08.01"]
[Round "5"]
[White "Leloutre, Bernard"]
[Black "Dal Borgo, Albin"]
[Result "0-1"]
[ECO "B13"]
[WhiteElo "1935"]
[BlackElo "2128"]
[PlyCount "94"]
[TimeControl "40/7200:3600"]

1. c4 c6 2. e4 d5 3. exd5 cxd5 4. d4 Nf6 5. Nc3 Nc6
6. Bg5 dxc4 7. Bxf6 gxf6 8. Nf3 Bg4 9. Bxc4 Bg7 10. d5 Ne5 11. Bb5+ Nd7 12. Qd4
Bxf3 13. gxf3 Bh6 14. Rg1 a6 15. Bxd7+ Qxd7 16. Rd1 Qd6 17. Ne4 Qe5 18. d6 Qxd4
19. Rxd4 Rd8 20. Ke2 f5 21. Nc5 Rxd6 22. Rxd6 exd6 23. Nxb7 Ke7 24. Na5 Rc8 25.
Kd3 Rc5 26. Nc4 Rd5+ 27. Kc2 Rd4 28. b3 d5 29. Ne3 Bxe3 30. fxe3 Rh4 31. Rg2
Rh3 32. Rf2 f4 33. Kd3 fxe3 34. Kxe3 Ke6 35. Kd4 Kd6 36. b4 Rh4+ 37. f4 Rh3 38.
Rd2 Rf3 39. a4 Rxf4+ 40. Kc3 a5 41. Rb2 Rxb4 42. Rxb4 axb4+ 43. Kxb4 f5 44. Kc3
f4 45. Kd4 Kc6 46. Kd3 Kb6 47. Ke2 d4 0-1

[Event "TIPC 2006"]
[Site "Charleroi BEL"]
[Date "2006.08.01"]
[Round "5"]
[White "Vanderwaeren, Serge"]
[Black "Lhost, Geoffrey"]
[Result "1-0"]
[ECO "A15"]
[WhiteElo "2256"]
[BlackElo "1966"]
[PlyCount "47"]
[TimeControl "40/7200:3600"]

1. Nf3 Nf6 2. c4 c6 3. Nc3 d5 4. e3 e6 5. b3 Nbd7 6.
Qc2 Bd6 7. Be2 O-O 8. O-O a6 9. d4 Re8 10. Bb2 dxc4 11. bxc4 e5 12. a4 e4 13.
Ng5 Qe7 14. c5 Bc7 15. Bc4 Bxh2+ 16. Kh1 Rf8 17. g3 Ng4 18. Ncxe4 Ndf6 19.
Nxf6+ Nxf6 20. Nf3 Bxg3 21. fxg3 Qxe3 22. Bc1 Qe8 23. Bf4 Qd7 24. Bd6 1-0

[Event "TIPC 2006"]
[Site "Charleroi BEL"]
[Date "2006.08.01"]
[Round "5"]
[White "Scoriels, Michael"]
[Black "Marte, Sébastien"]
[Result "1-0"]
[ECO "B46"]
[WhiteElo "2131"]
[BlackElo "1810"]
[PlyCount "50"]
[TimeControl "40/7200:3600"]

1. e4 c5 2. Nf3 e6 3. d4 cxd4 4. Nxd4 Nc6 5. Nc3 a6
6. Be3 Nge7 7. Be2 Ng6 8. O-O Be7 9. f4 O-O 10. Kh1 b5 11. Nxc6 dxc6 12. Qe1 c5
13. Rd1 Qb6 14. f5 Ne5 15. Qg3 Bf6 16. Bf4 Qc7 17. Rd2 Re8 18. Rfd1 b4 19. Na4
exf5 20. Rd6 Kh8 21. Bxe5 Bxe5 22. Qxe5 Bb7 23. Qxc5 Qxc5 24. Nxc5 Bxe4 25.
Nxe4 fxe4 1-0

[Event "TIPC 2006"]
[Site "Charleroi BEL"]
[Date "2006.08.01"]
[Round "5"]
[White "Audin, Thierry"]
[Black "Reyskens, Jules"]
[Result "1-0"]
[ECO "D01"]
[WhiteElo "1990"]
[BlackElo "1792"]
[PlyCount "83"]
[TimeControl "40/7200:3600"]

1. d4 d5 2. Nc3 Nf6 3. Bg5 Nbd7 4. f3 c6 5. e4 dxe4
6. fxe4 Qa5 7. Qd2 e6 8. Bd3 Bb4 9. Nf3 h6 10. Bf4 g5 11. Be5 Nxe5 12. Nxe5 Nd7
13. Nc4 Qc7 14. O-O b5 15. Ne3 Bb7 16. a3 Ba5 17. b4 Bb6 18. Bxb5 a6 19. Bc4
O-O-O 20. Na4 Ne5 21. Nxb6+ Qxb6 22. c3 Qc7 23. Qe2 Nxc4 24. Nxc4 Kb8 25. Rf6
Rh7 26. Raf1 Rg8 27. Ne5 Rgg7 28. Qh5 c5 29. Rxf7 Rxf7 30. Rxf7 Rxf7 31. Qxf7
Qxf7 32. Nxf7 cxd4 33. cxd4 Bxe4 34. Nxh6 Kc7 35. h3 Kb6 36. Nf7 g4 37. hxg4
Bc2 38. Nd8 Bb3 39. g5 Kb5 40. g6 Ka4 41. g7 e5 42. dxe5 1-0

[Event "TIPC 2006"]
[Site "Charleroi BEL"]
[Date "2006.08.01"]
[Round "5"]
[White "Majewski, Philippe"]
[Black "Marville, Grégoire"]
[Result "0-1"]
[ECO "D46"]
[WhiteElo "1754"]
[BlackElo "1975"]
[PlyCount "80"]
[TimeControl "40/7200:3600"]

1. d4 d5 2. c4 e6 3. Nc3 c6 4. Nf3 Nf6 5. e3 Nbd7 6.
Bd3 Bd6 7. Qc2 O-O 8. c5 Bc7 9. Ng5 g6 10. f4 Re8 11. h4 Nf8 12. h5 Nxh5 13. g4
Nf6 14. Qg2 b6 15. b4 a5 16. Ba3 b5 17. O-O-O axb4 18. Bxb4 Ba5 19. a3 Qe7 20.
e4 Bxb4 21. axb4 Qa7 22. e5 Qa3+ 23. Kc2 Qa2+ 24. Nxa2 Rxa2+ 25. Kb3 Rxg2 26.
exf6 Rxg4 27. Rh6 Rxf4 28. Rdh1 Rxf6 29. Nxh7 Nxh7 30. Rxh7 Kf8 31. Rf1 Rxf1
32. Bxf1 Kg8 33. Rh1 e5 34. dxe5 Rxe5 35. Rh2 Re3+ 36. Kb2 Bf5 37. Rf2 Bd3 38.
Bg2 Re2+ 39. Rxe2 Bxe2 40. Bxd5 cxd5 0-1

[Event "TIPC 2006"]
[Site "Charleroi BEL"]
[Date "2006.08.01"]
[Round "5"]
[White "Chevry, Philippe"]
[Black "Hanley, James L."]
[Result "0-1"]
[ECO "E71"]
[WhiteElo "1932"]
[BlackElo "2155"]
[PlyCount "78"]
[TimeControl "40/7200:3600"]

1. d4 Nf6 2. c4 g6 3. Nc3 Bg7 4. e4 d6 5. h3 O-O 6. Bg5 c6 7. Qd2 e5 8. d5 c5
9. Bd3 Bd7 10. Nge2 Qa5 11. Bh6 Rc8 12. Bxg7 Kxg7 13. f4 b5 14. fxe5 dxe5 15.
Qg5 bxc4 16. O-O Qb6 17. Bxc4 Qd6 18. Ng3 h6 19. Rxf6 hxg5 20. Rxd6 f6 21. Bb5
Bxb5 22. Nxb5 a6 23. Na3 Ra7 24. Nc4 Rf8 25. Rc1 a5 26. Nb6 Rc7 27. a3 f5 28.
b4 axb4 29. axb4 f4 30. Nf1 f3 31. g3 Rh8 32. Rxc5 Ra7 33. Rc8 Rxc8 34. Nxc8
Rc7 35. Nb6 Rc2 36. Re6 Na6 37. Rxe5 Nxb4 38. d6 Rg2+ 39. Kh1 Nd3 0-1

[Event "TIPC 2006"]
[Site "Charleroi BEL"]
[Date "2006.08.01"]
[Round "5"]
[White "Moga, Christoph"]
[Black "Fosset, François"]
[Result "1/2-1/2"]
[ECO "B50"]
[WhiteElo "1784"]
[BlackElo "2025"]
[PlyCount "22"]
[TimeControl "40/7200:3600"]

1. e4 c5 2. Nf3 d6 3. c3 g6 4. d4 Nf6 5. dxc5 dxc5 6. Qxd8+ Kxd8 7. Ne5 Ke8 8.
f3 Nbd7 9. Bb5 a6 10. Nxd7 Bxd7 11. Bxd7+ Nxd7 1/2-1/2

[Event "TIPC 2006"]
[Site "Charleroi BEL"]
[Date "2006.08.01"]
[Round "5"]
[White "Werner, Guy"]
[Black "Heudt, Vincent"]
[Result "1-0"]
[ECO "A02"]
[WhiteElo "1793"]
[BlackElo "1531"]
[PlyCount "119"]
[TimeControl "40/7200:3600"]

1. f4 g6 2. Nf3 d6 3. g3 Bg7 4. Bg2 Nf6 5. O-O O-O 6. d3 Nbd7 7. e4 Nc5 8. Nc3
c6 9. Kh1 Qb6 10. Rb1 Ng4 11. d4 Ne6 12. Ne2 Bd7 13. c3 Bh6 14. Qd3 c5 15. h3
Nf6 16. g4 c4 17. Qc2 Bg7 18. Be3 Nc7 19. Ng3 d5 20. e5 Nfe8 21. f5 a5 22. Qd2
Ra6 23. Bg5 gxf5 24. gxf5 Bh6 25. e6 Nxe6 26. Bxh6 N6g7 27. Bxg7 Nxg7 28. Qg5
Qh6 29. Qxh6 Rxh6 30. Ne5 Bc8 31. Ng4 Rh4 32. Rbe1 e6 33. f6 Nf5 34. Kh2 Kh8
35. Nxf5 exf5 36. Ne5 Be6 37. Rf3 Rh6 38. Rf4 Rg8 39. Re3 Rxf6 40. Rg3 Rxg3 41.
Kxg3 Kg7 42. Rh4 h6 43. Rf4 Kf8 44. Bf3 Kg7 45. Bd1 Kf8 46. Ba4 Ke7 47. Rf2 Kd6
48. h4 Ke7 49. h5 f4+ 50. Rxf4 Rxf4 51. Kxf4 Kd6 52. Be8 Ke7 53. Bxf7 b5 54.
Bxe6 Kxe6 55. a3 a4 56. Nc6 Kd6 57. Kf5 Kxc6 58. Kg6 b4 59. Kxh6 bxc3 60. bxc3
1-0

[Event "TIPC 2006"]
[Site "Charleroi BEL"]
[Date "2006.08.01"]
[Round "5"]
[White "Pitropakis, Kyriakos"]
[Black "Denivet, Axel"]
[Result "1-0"]
[ECO "A00"]
[WhiteElo "1587"]
[BlackElo "1832"]
[PlyCount "83"]
[TimeControl "40/7200:3600"]

1. b4 d6 2. c4 e5 3. Bb2 f5 4. e3 Be6 5. Nf3 Nf6 6. Be2 Be7 7. h3 Nbd7 8. b5
O-O 9. Ng5 Bf7 10. O-O h6 11. Nxf7 Rxf7 12. d4 Ne4 13. dxe5 dxe5 14. Bh5 Rf8
15. Nc3 Nxc3 16. Bxc3 Bd6 17. Qd5+ Kh8 18. Qxb7 Qg5 19. Be2 f4 20. exf4 Qxf4
21. g3 Qf7 22. Qc6 Rae8 23. Rad1 Re6 24. Bg4 Re7 25. Bxd7 Rxd7 26. Bxe5 Bxe5
27. Rxd7 Qf5 28. Rd5 Qe4 29. Qc5 Bd6 30. Rxd6 cxd6 31. Qxd6 Rf6 32. Qd5 Qc2 33.
c5 Rf5 34. Qa8+ Kh7 35. Qxa7 Rxc5 36. b6 Rb5 37. a4 Rb3 38. a5 Qb2 39. Qc7 Rc3
40. Qe5 Qb3 41. Qe4+ Kh8 42. b7 1-0

[Event "TIPC 2006"]
[Site "Charleroi BEL"]
[Date "2006.08.01"]
[Round "5"]
[White "Denayer, Eric"]
[Black "Both, Erik"]
[Result "1/2-1/2"]
[ECO "A41"]
[WhiteElo "2279"]
[BlackElo "2286"]
[PlyCount "102"]
[TimeControl "40/7200:3600"]

1. Nf3 g6 2. c4 Bg7 3. Nc3 d6 4. d4 Bg4 5. e4 Nc6 6. d5 Nd4 7. Be2 Bxf3 8. Bxf3
Nxf3+ 9. Qxf3 Nf6 10. O-O O-O 11. Bg5 Nd7 12. Qe2 h6 13. Bh4 a5 14. f4 Re8 15.
Rf3 c6 16. Raf1 Qc7 17. Bg3 Rab8 18. Kh1 b5 19. dxc6 Qxc6 20. cxb5 Qb7 21. e5
Nb6 22. f5 dxe5 23. Bxe5 Bxe5 24. Qxe5 g5 25. Rh3 Nd7 26. Qe2 Kg7 27. Re3 Nf6
28. Re1 Kf8 29. a4 Rbd8 30. Rh3 Kg7 31. Rd3 Rxd3 32. Qxd3 Qb6 33. Qe3 Qc7 34.
Qe5 Qb7 35. h3 Kg8 36. Ne4 Nxe4 37. Qxe4 Qb8 38. Qe5 Qb7 39. f6 e6 40. h4 Rd8
41. Rc1 Rd2 42. Rc6 Qa7 43. Qc5 Qxc5 44. Rxc5 Rxb2 45. hxg5 Rb4 46. gxh6 Rxa4
47. b6 Rb4 48. Rxa5 Rxb6 49. Rg5+ Kh7 50. Rg7+ Kxh6 51. Rxf7 Kg6 1/2-1/2

[Event "TIPC 2006"]
[Site "Charleroi BEL"]
[Date "2006.08.01"]
[Round "5"]
[White "Domelevo-Entfellner, Jean-Baka"]
[Black "Keiser, Marc"]
[Result "0-1"]
[ECO "A38"]
[WhiteElo "1967"]
[BlackElo "1771"]
[PlyCount "116"]
[TimeControl "40/7200:3600"]

1. c4 Nf6 2. Nc3 c5 3. g3 g6 4. Bg2 Bg7 5. Nf3 Nc6
6. e3 O-O 7. O-O e6 8. d4 d5 9. cxd5 Nxd5 10. Nxd5 Qxd5 11. Ne5 Qd6 12. Nxc6
bxc6 13. dxc5 Qxc5 14. a3 Ba6 15. Re1 Rab8 16. b4 Qb6 17. Bd2 Bxa1 18. Qxa1
Rfd8 19. Bc3 f5 20. Bd4 Qb7 21. Bh8 Rd7 22. Qe5 Rbd8 23. Bf3 Bc4 24. Qc3 Bd5
25. Be2 h6 26. Be5 Be4 27. Bc4 Bd5 28. Be2 c5 29. Bc4 cxb4 30. axb4 Rc8 31.
Bxd5 Rxd5 32. Qb2 a5 33. Bc3 axb4 34. Qxb4 Qc6 35. Rc1 Rc5 36. Qb3 Rxc3 37.
Rxc3 Qxc3 38. Qxe6+ Kf8 39. Qd6+ Kg8 40. Qxg6+ Kf8 41. Qxf5+ Kg7 42. e4 Rf8 43.
Qg4+ Kh8 44. Qe2 Qf3 45. Qxf3 Rxf3 46. Kg2 Rc3 47. g4 Kg7 48. h4 Kg6 49. f3 Kf6
50. f4 Ke6 51. Kf2 Rh3 52. h5 Kd6 53. Kg2 Re3 54. g5 Rxe4 55. Kf3 Ra4 56. gxh6
Ra8 57. Kg4 Ke6 58. h7 Kf6 0-1

[Event "TIPC 2006"]
[Site "Charleroi BEL"]
[Date "2006.08.01"]
[Round "5"]
[White "Vanderose, Michel"]
[Black "Wattin, Joffrey"]
[Result "0-1"]
[ECO "A10"]
[WhiteElo "1909"]
[BlackElo "1698"]
[PlyCount "56"]
[TimeControl "40/7200:3600"]

1. c4 f5 2. Nf3 e6 3. g3 Nf6 4. b3 Be7 5. Bg2 O-O 6.
O-O d5 7. Bb2 Nbd7 8. d3 c6 9. Nbd2 Qe8 10. Re1 h6 11. e4 dxe4 12. dxe4 f4 13.
Rf1 fxg3 14. fxg3 Ng4 15. Qe2 e5 16. h3 Ne3 17. Qxe3 Bc5 18. Nd4 Nf6 19. a3 a5
20. Kh1 Bxh3 21. Bxh3 Qh5 22. Kg2 Rad8 23. Qf3 Qg5 24. Rad1 Nh5 25. Qxf8+ Rxf8
26. Rxf8+ Bxf8 27. g4 exd4 28. Bxd4 Nf4+ 0-1